 Dungeon Crawl Stone Soup version 0.29-a0-72-g1732ff48e7 (webtiles) character file.

Game seed: 6437497764914098824

21 fragbeetle the Chopper (level 2, -2/27 HPs)
             Began as a Hill Orc Cinder Acolyte on Feb 4, 2022.
             Was a High Priest of Ignis.
             Slain by an adder (3 damage)
             ... on level 2 of the Dungeon.
             The game lasted 00:03:25 (1724 turns).

fragbeetle the Chopper (Hill Orc Cinder Acolyte)    Turns: 1724, Time: 00:03:25

Health: -2/27      AC:  2    Str: 16    XL:     2   Next: 87%
Magic:  1/3        EV: 10    Int: 14    God:    Ignis [*****.]
Gold:   47         SH:  7    Dex:  6    Spells: 1/3 levels left

rFire   + . .      SeeInvis .   a - -1 hand axe (flame)
rCold   . . .      Faith    .   g - +0 buckler
rNeg    . . .      Spirit   .   b - +0 robe
rPois   .          Reflect  +   (no helmet)
rElec   .          Harm     .   (no cloak)
rCorr   .          Rampage  .   (no gloves)
Will    .....                   (no boots)
Stlth   +.........              j - amulet of reflection
HPRegen 0.09/turn               h - ring of flight
MPRegen 0.08/turn               (no ring)

@: lethally poisoned (-2 -> -9), flying, very slightly contaminated
A: no striking features
a: Renounce Religion, Fiery Armour, Foxfire Swarm, Rising Flame


You were on level 2 of the Dungeon.
You worshipped Ignis.
Ignis was extremely pleased with you.
You visited 1 branch of the dungeon, and saw 2 of its levels.

You collected 77 gold pieces.
You spent 30 gold pieces at shops.

Inventory:

Hand Weapons
 a - a -1 hand axe of flaming (weapon)
 k - a +0 long sword of draining
Armour
 b - a +0 robe (worn)
 g - a +0 buckler (worn)
 l - an orb of energy
Jewellery
 h - a ring of flight (left hand)
 j - an amulet of reflection (around neck)
Scrolls
 d - a scroll of fog {unknown}
 e - 3 scrolls of identify {unknown}
 f - a scroll of teleportation {unknown}
 i - a scroll of magic mapping {unknown}
 m - a scroll of immolation {unknown}
 o - a scroll of blinking {unknown}
Potions
 c - a potion of heal wounds {unknown}
 n - 2 potions of attraction {unknown}
 p - a potion of haste {unknown}
 q - a potion of degeneration {unknown}
 r - a potion of curing
 s - a potion of flight {unknown}


   Skills:
 + Level 3.8 Fighting
 * Level 4.5 Axes
 + Level 1.2 Spellcasting
 * Level 3.6 Fire Magic


You had one spell level left.
You knew the following spells:

 Your Spells              Type           Power      Damage    Failure   Level
a - Scorch                Fire           22%        2d6       12%         2

Your spell library contained the following spells:

 Spells                   Type           Power      Damage    Failure   Level


Dungeon Overview and Level Annotations

Branches:
Dungeon (2/15)

Altars:

Shops:
D:2 *!


Message History

Found a whip.
You reach down and open the door.
You reach down and open the door.
Found an escape hatch in the ceiling.
There is a stone staircase leading down here.
You now have enough gold to buy a potion of brilliance on this level, or buy a potion of might on this level.
You can access your shopping list by pressing '$'.
You now have 47 gold pieces (gained 10).
An adder comes into view.
An adder is nearby!
An adder is nearby!
Found a stone staircase leading down.
You miss the adder. You block the adder's attack.
You closely miss the adder. You block the adder's attack.
You miss the adder. You block the adder's attack. The adder bites you.
You are poisoned.
The adder poisons you!
You closely miss the adder.
You feel sick. The adder bites you.
You hit the adder. You burn the adder.
The adder is heavily wounded.
You feel sick. The adder bites you.
You are more poisoned.
The adder poisons you! You block the adder's attack.
You miss the adder.
The adder is heavily wounded.
You feel very sick. The adder bites you.
* * * LOW HITPOINT WARNING * * *
You are too injured to fight recklessly!
You are too injured to fight recklessly!
Casting: Scorch (safe; 12% risk of failure)
Confirm with . or Enter, or press ? or * to list all spells.
You miscast Scorch.
You are very lightly contaminated with residual magic.
Nothing appears to happen.
* * * LOW HITPOINT WARNING * * *
You feel sick. The adder bites you.
* * * LOW HITPOINT WARNING * * *
The adder bites you.
You die...

#.####### #####.......#
...##.#####.# ##.#....# #.#
##.#..#.# #.########
.#.#..#.###.#......#
.#.#..#.....#......#
.#.#....#####......#
...#......#.....@S.#
.......................>
...#....###.#.......##..
...#..#.#...#..........
...#.......##.#+#+#.##...#
...#.......+.............## ....
...........##.)...........# .....
...##.....................# .....
...##.....................##.....


You could see an adder.

Vanquished Creatures
  2 endoplasms
  A giant cockroach (D:2)
  A goblin (D:1)
  2 hobgoblins
  4 ball pythons
  5 bats
  4 kobolds
  3 rats (D:1)
22 creatures vanquished.

Notes
Turn   | Place    | Note
-------+----------+-------------------------------------------
     0 | D:1      | fragbeetle the Hill Orc Cinder Acolyte began the quest for
                  | the Orb.
     0 | D:1      | Reached XP level 1. HP: 19/19 MP: 2/2
   483 | D:1      | Reached XP level 2. HP: 27/27 MP: 3/3
   486 | D:1      | Learned a level 2 spell: Scorch
  1327 | D:2      | Found Waato's Assorted Antiques.
  1388 | D:2      | Found Daergh's Distillery.
  1402 | D:2      | Bought a potion of curing for 30 gold pieces
  1428 | D:2      | Found a faded altar of an unknown god.
  1724 | D:2      | HP: 1/27 [adder (5)]
  1724 | D:2      | Slain by an adder

Illustrated notes

Levels and vault maps discovered:
D:1:      dpeg_arrival_oval, layout_basic, hex_intersection,
          kennysheep_crisscross
D:2:      layout_basic, serial_shops, shop, shop_fountains, basic_altar,
          hellmonk_ecumenical_altar_lost_god

Action                   || total
-------------------------++-------
Melee: Hand axe          ||    47
Armor: Robe              ||    10
Dodge: Dodged            ||    16
Block: Buckler           ||    10
       Reflection        ||     1

Table legend: (Time is in decaauts)
 A = Elapsed time spent in this place.
 B = Non-inter-level travel time spent in this place.
 C = Inter-level travel time spent in this place.
 D = Time resting spent in this place.
 E = Time spent auto-exploring this place.
 F = Levels seen in this place.
 G = Mean time per level.
                   A        B        C        D        E       F      G
               +--------+--------+--------+--------+--------+-----+--------+
         Total |   1728 |   1675 |     53 |      0 |   1495 |   2 |  864.0 |
       Dungeon |   1728 |   1675 |     53 |      0 |   1495 |   2 |  864.0 |
               +--------+--------+--------+--------+--------+-----+--------+

Top non-repeatable levels by time:
     D:1: 1263 daAuts
     D:2: 465 daAuts
